 Dungeon Crawl Stone Soup version 0.31-a0-232-gb1c03b2570 (webtiles) character file.

Game seed: 15553461661654348506

807 qw the Shooter (level 7, 0/43 HPs)
             Began as a Gargoyle Hexslinger on July 7, 2023.
             Killed by nerve-wracking pain
             ... invoked by a shadow imp
             ... summoned by Eustachio
              (6 damage)
             ... on level 5 of the Dungeon.
             The game lasted 00:02:11 (3574 turns).

qw the Shooter (Gargoyle Hexslinger)                Turns: 3574, Time: 00:02:11

Health: 0/43       AC: 17    Str: 12    XL:     7   Next: 92%
Magic:  8/8        EV: 15    Int: 13    God:
Gold:   294        SH:  0    Dex: 14    Spells: 7/8 levels left

rFire   . . .        Y - +2 sling (freeze)
rCold   . . .        (no shield)
rNeg    + . .        c - +5 ring mail of Uskayaw's Regard {Regen+}
rPois   inf          b - +0 helmet
rElec   +            (no cloak)
rCorr   .            f - +0 pair of gloves
SInv    +            (no boots)
Will    .....        (no amulet)
Stlth   +            g - +5 ring of evasion
HPRegen 1.07/turn    i - ring of see invisible
MPRegen 0.11/turn

%: no passive effects
@: no status effects
A: sickness immunity, AC +4, negative energy resistance 1, electricity
resistance, torment resistance 1, petrification resistance
a: no special abilities


You were on level 5 of the Dungeon.
You visited 1 branch of the dungeon, and saw 7 of its levels.

You collected 294 gold pieces.


Innate Abilities, Weirdness & Mutations

You are immune to sickness and miasma.
Your stone body is resilient. (AC +4)
You are immune to poison.
You resist negative energy. (rN+)
You are resistant to electric shocks. (rElec)
You are resistant to unholy torment.
You are immune to petrification.


   Skills:
 - Level 4.0 Fighting
 + Level 7.7 Ranged Weapons
 - Level 2.1 Armour
 - Level 1.5 Dodging
 - Level 1.0 Spellcasting
 - Level 2.6 Hexes


You had 7 spell levels left.
You knew the following spells:

 Your Spells              Type           Power      Damage    Failure   Level
a - Slow                  Hex            28%        N/A       21%         1

Your spell library contained the following spells:

 Spells                   Type           Power      Damage    Failure   Level
 Inner Flame              Hex/Fire       4%         N/A       71%         3
 Portal Projectile        Hex/Tloc       8%         N/A       71%         3
 Cause Fear               Hex            3%         N/A       90%         4

Inventory:

Hand Weapons
 Y - a +2 sling of freezing (weapon)
Armour
 b - a +0 helmet (worn)
 c - the +5 ring mail of Uskayaw's Regard (worn) {Regen+}
   (You found it on level 3 of the Dungeon)

   Regen:     It increases your rate of health regeneration.
 f - a +0 pair of gloves (worn)
Jewellery
 g - a +5 ring of evasion (left hand)
 i - a ring of see invisible (right hand)
Scrolls
 a - a scroll of identify
Potions
 d - a potion of curing {unknown}
 e - 4 potions of haste
 h - a potion of brilliance {unknown}
 j - a potion of heal wounds {unknown}
 k - a potion of magic {unknown}

Dungeon Overview and Level Annotations

Branches:
Dungeon (7/15)
 Temple: D:4-7

Altars:
Qazlal

Annotations:
D:5 2 transporters, 1 runed translucent door, Crazy Yiuf; Eustachio; qw's ghost, novice MiHs


Message History

The sling bullet hits the crimson imp but does no damage.
The crimson imp is moderately wounded.
The bat hits you but does no damage. The bat closely misses you.
The river rat bites you but does no damage.
The gnoll sergeant hits you but does no damage.
Eustachio misses you. The river rat barely misses you.
You shoot a sling bullet. The sling bullet hits the crimson imp.
The sling bullet freezes the crimson imp.
The crimson imp is severely wounded.
The bat hits you but does no damage. The crimson imp barely misses you.
The river rat barely misses you.
The gnoll sergeant hits you from afar with a +0 spear!
Eustachio completely misses you. The river rat closely misses you.
You shoot a sling bullet. The sling bullet hits the crimson imp.
The sling bullet freezes the crimson imp.
The crimson imp is severely wounded.
The bat closely misses you.
The crimson imp blinks!
The shadow imp misses you.
The river rat bites you but does no damage.
The gnoll sergeant hits you from afar with a +0 spear.
Eustachio gestures wildly while chanting.
Eustachio blinks!
The river rat bites you but does no damage.
You shoot a sling bullet. The sling bullet hits the shadow imp.
The shadow imp is lightly wounded.
The bat misses you. The bat barely misses you.
The bat hits you but does no damage. The shadow imp barely misses you.
The river rat bites you but does no damage.
The gnoll sergeant hits you but does no damage.
The river rat closely misses you. The shadow imp gestures at you.
Pain shoots through your body!
You shoot a sling bullet. The sling bullet hits the shadow imp!
The shadow imp is almost dead.
The bat misses you. The river rat closely misses you.
The gnoll sergeant hits you from afar with a +0 spear.
The bat hits you but does no damage. The bat closely misses you.
The river rat misses you. The shadow imp gestures at you.
Pain shoots through your body!
You die...

#.##...#..##.##....#...##
.. #.##..#....##........#
... .........#.#.#....#
....##...#......####...##
##.. #...#.#....#.###...#
#.. ....####.........###
##......##..#
..#...rb..##.##
....)).@5##...
#.@...¤br......
.....g..........
........#........
###....##......... #....
....## ...<. ##..# .....#
...


You could see Eustachio, a gnoll sergeant, 2 river rats, a shadow imp (summoned)
and 2 bats.

Vanquished Creatures
  An ice beast (D:5)
  A kobold brigand (D:7)
  4 hounds
  Terence (D:3)
  Natasha (thrice) (D:3)
  3 iguanas
  2 orc wizards
  Robin (D:3)
  12 gnolls
  6 adders
  A shadow imp (D:5)
  2 dart slugs
  8 orcs
  9 endoplasms
  3 giant cockroaches
  21 goblins
  10 hobgoblins
  6 jackals
  10 kobolds
  5 quokkas
  A ball python (D:1)
  8 bats
  4 frilled lizards
  A rat (D:1)
123 creatures vanquished.

Notes
Turn   | Place    | Note
-------+----------+-------------------------------------------
     0 | D:1      | qw the Gargoyle Hexslinger began the quest for the Orb.
     0 | D:1      | Reached XP level 1. HP: 12/12 MP: 2/2
     0 | D:1      | 0 ||| qw: Version: 0.3-a-46-gb1f654a
     0 | D:1      | 0 ||| qw: Game counter: 2650
     0 | D:1      | 0 ||| qw: Melee chars always use a shield: true
     0 | D:1      | 0 ||| qw: God list: Okawaru
     0 | D:1      | 0 ||| qw: Allow faded altars: false
     0 | D:1      | 0 ||| qw: Do Orc after clearing Dungeon:15 true
     0 | D:1      | 0 ||| qw: Do second Lair branch before Depths: true
     0 | D:1      | 0 ||| qw: Lair rune preference: random
     0 | D:1      | 0 ||| qw: Goals: Normal
     0 | D:1      | 0 ||| PLANNING D:1-11
   115 | D:1      | Reached XP level 2. HP: 16/16 MP: 3/3
   229 | D:1      | Reached skill level 3 in Ranged Weapons
   649 | D:1      | Reached XP level 3. HP: 21/21 MP: 4/4
   717 | D:1      | 717 ||| UPGRADING to +0 leather armour.
   727 | D:1      | 727 ||| DROPPING +0 robe.
   728 | D:1      | 728 ||| UPGRADING to +0 ring mail.
   738 | D:1      | 738 ||| DROPPING +0 leather armour.
   739 | D:1      | 739 ||| UPGRADING to +5 ring of evasion.
   740 | D:1      | 740 ||| READING 3 scrolls labelled SOMIZAUSCHU.
   741 | D:1      | 741 ||| DRINKING 3 fizzy purple potions.
   742 | D:1      | 742 ||| READING 2 scrolls of identify.
   742 | D:1      | 742 ||| IDENTIFYING fuming sapphire potion
   743 | D:1      | 743 ||| DROPPING scroll of poison.
   744 | D:1      | 744 ||| DROPPING potion of degeneration.
   894 | D:2      | Reached skill level 4 in Ranged Weapons
   894 | D:2      | Reached XP level 4. HP: 17/26 MP: 5/5
   994 | D:2      | Reached skill level 1 in Armour
  1432 | D:2      | 1432 ||| READING scroll labelled BYICSYSKUA.
  1433 | D:2      | 1433 ||| READING scroll labelled ZADDUAHUAQ.
  1434 | D:2      | 1434 ||| READING scroll labelled FIVEIW JOH.
  1435 | D:2      | 1435 ||| READING scroll labelled JACAOH QEUWUSESM.
  1513 | D:3      | Reached XP level 5. HP: 30/30 MP: 6/6
  1704 | D:3      | Identified the +5 ring mail of Uskayaw's Regard {Regen+}
  1804 | D:3      | Reached skill level 5 in Ranged Weapons
  1821 | D:3      | Noticed Terence
  1831 | D:3      | Killed Terence
  1945 | D:3      | Noticed Natasha
  1948 | D:3      | 1948 ||| FLEEEEING.
  1949 | D:3      | 1949 ||| FLEEEEING.
  1950 | D:3      | 1950 ||| FLEEEEING.
  1951 | D:3      | 1951 ||| FLEEEEING.
  1952 | D:3      | 1952 ||| FLEEEEING.
  1953 | D:3      | 1953 ||| FLEEEEING.
  1954 | D:3      | 1954 ||| FLEEEEING.
  1967 | D:3      | 1967 ||| FLEEEEING.
  1972 | D:3      | Killed Natasha
  1973 | D:3      | Reached skill level 3 in Fighting
  1976 | D:3      | 1976 ||| STAIRDANCE
  2078 | D:2      | 2078 ||| UPGRADING to +5 ring mail of Uskayaw's Regard
                  | {Regen+}.
  2088 | D:2      | 2088 ||| UPGRADING to +0 pair of gloves.
  2093 | D:2      | 2093 ||| DROPPING +0 ring mail.
  2094 | D:2      | 2094 ||| DROPPING ring of magical power.
  2095 | D:2      | 2095 ||| DROPPING +6 ring of intelligence.
  2096 | D:2      | 2096 ||| READING scroll labelled WYECYI ECIGIOLL.
  2199 | D:3      | Noticed Robin
  2219 | D:3      | Reached XP level 6. HP: 37/37 MP: 7/7
  2241 | D:3      | Killed Robin
  2315 | D:3      | Noticed Natasha
  2323 | D:3      | Killed Natasha
  2458 | D:3      | Noticed Natasha
  2472 | D:3      | Killed Natasha
  2477 | D:3      | 2477 ||| UPGRADING to +0 helmet.
  2482 | D:3      | 2482 ||| READING scroll labelled APLOLY FENEAM.
  2582 | D:4      | Reached skill level 6 in Ranged Weapons
  2706 | D:4      | You fall into a shaft and drop 3 floors!
  2783 | D:6      | Reached XP level 7. HP: 43/43 MP: 8/8
  2786 | D:6      | Found a stormy altar of Qazlal.
  2797 | D:6      | Noticed a water elemental
  2801 | D:6      | Noticed an air elemental
  2801 | D:6      | Noticed a fire elemental
  2819 | D:6      | 2819 ||| FLEEEEING.
  2820 | D:6      | 2820 ||| FLEEEEING.
  2823 | D:6      | 2823 ||| FLEEEEING.
  2824 | D:6      | 2824 ||| FLEEEEING.
  2825 | D:6      | 2825 ||| STAIRDANCE
  2826 | D:5      | Entered Level 5 of the Dungeon
  2865 | D:5      | Reached skill level 7 in Ranged Weapons
  2909 | D:5      | Found a transporter.
  2910 | D:5      | Found a transporter.
  2910 | D:5      | Identified the +1 scale mail of Eriuvasm {rF+ Int+3}
  2910 | D:5      | Identified the +3 buckler "Cahopru" {-Tele rPois Slay-3
                  | SInv}
  2983 | D:5      | 2983 ||| READING scroll labelled AJIUBB HIFFARE.
  3138 | D:4      | 3138 ||| SWAPPING to +2 sling of freezing.
  3139 | D:4      | 3139 ||| DROPPING +1 sling.
  3327 | D:4      | 3327 ||| UPGRADING to ring of see invisible.
  3328 | D:4      | 3328 ||| READING scroll labelled POLIEN KOATACI.
  3369 | D:5      | Found a runed translucent door.
  3370 | D:5      | Noticed Crazy Yiuf
  3498 | D:5      | Noticed qw's ghost (novice MiHs)
  3556 | D:5      | Noticed Eustachio
  3573 | D:5      | HP: 7/43 [shadow imp/nerve-wracking pain[Eustachio] (7)]
  3574 | D:5      | Killed from afar by a shadow imp

Levels and vault maps discovered:
D:1:      lightli_arrival_farm, layout_loops_ring
D:2:      layout_basic
D:3:      layout_loops_ring, uniq_robin, uniq_terence, uniq_natasha
D:4:      layout_basic
D:5:      layout_cave_pools, gammafunk_ghost_gnarly_gnolls, nicolae_letterblocks
          [nicolae_letter_subblock, nicolae_letter_subblock,
          nicolae_letter_subblock, nicolae_letter_subblock,
          nicolae_letter_subblock, nicolae_letter_subblock,
          nicolae_letter_subblock, nicolae_letter_subblock,
          nicolae_letter_subblock, nicolae_letter_subblock,
          nicolae_letter_subblock, nicolae_letter_subblock,
          nicolae_letter_subblock, nicolae_letter_subblock,
          nicolae_letter_subblock, nicolae_letter_subblock,
          nicolae_letter_subblock, nicolae_letter_subblock,
          nicolae_letter_subblock, nicolae_letter_subblock,
          nicolae_letter_subblock, nicolae_letter_subblock,
          nicolae_letter_subblock, nicolae_letter_subblock,
          nicolae_letter_subblock], uniq_eustachio, uniq_crazy_yiuf_cottage,
          uniq_grinder
D:6:      layout_basic, nicolae_qazlal_style_of_elements, uniq_blork_the_orc
D:7:      layout_basic, mainiacjoe_overflow_six_doors_small,
          minmay_temple_entry_ruins

Skill      XL: |  1  2  3  4  5  6  7 |
---------------+----------------------+-----
Ranged Weapons | 3 4 5 6 7 |  7.7
Fighting       | 2 3 4 |  4.0
Armour         | 1 2 |  2.1
Dodging        | |  1.5
Spellcasting   | |  1.0
Hexes          | |  2.6

Action                     |  1- 3 |  4- 6 |  7- 9 || total
---------------------------+-------+-------+-------++-------
   Fire: Sling             |    96 |   320 |   183 ||   599
    Use: Scroll            |     2 |     6 |     2 ||    10
         Potion            |     1 |       |       ||     1
 Armour: Robe              |     2 |       |       ||     2
         Ring mail         |    16 |   110 |   105 ||   231
  Dodge: Dodged            |    37 |   233 |   194 ||   464

Table legend:
 A = Non-vault XP
 B = Vault XP
 C = Vault XP percentage of total XP
 D = Non-vault monster count
 E = Vault monster count
 F = Vault count percentage of total count
                 A         B        C        D         E       F
            +---------+---------+-------+---------+---------+-------
      Total |    1049 |     105 |   9.1 |     110 |      13 |  10.6
            +---------+---------+-------+---------+---------+-------
        D:1 |      36 |       0 |   0.0 |      20 |       0 |   0.0
        D:2 |     118 |       0 |   0.0 |      26 |       0 |   0.0
        D:3 |     205 |     105 |  33.9 |      29 |      13 |  31.0
        D:4 |     163 |       0 |   0.0 |      16 |       0 |   0.0
        D:5 |     390 |       0 |   0.0 |      15 |       0 |   0.0
        D:6 |      42 |       0 |   0.0 |       1 |       0 |   0.0
        D:7 |      95 |       0 |   0.0 |       3 |       0 |   0.0
            +---------+---------+-------+---------+---------+-------
